 Dungeon Crawl Stone Soup version 0.30-a0-118-ga018f8e90f (webtiles) character file.

Game seed: 9932711521007124324

134057 NinjaNoafa the Blocker (level 16, -13/128 HPs)
             Began as a Minotaur Monk on Sept 12, 2022.
             Was the Champion of Trog.
             Mangled by a large abomination (19 damage)
             ... on level 5 of the Abyss on Sept 13, 2022.
             The game lasted 01:39:54 (27475 turns).

NinjaNoafa the Blocker (Minotaur Monk)             Turns: 27475, Time: 01:39:54

Health: -13/128    AC: 25    Str: 31    XL:     16   Next: 61%
Magic:  5/13       EV: 12    Int:  5    God:    Trog [******]
Gold:   570        SH: 16    Dex: 14    Spells: 15/15 levels left

rFire   + + .      SeeInvis .    e - +6 shillelagh "Devastator" {shatter}
rCold   x . .      Faith    .    l - +3 kite shield
rNeg    + . .      Spirit   .    O - +3 plate armour {rF+}
rPois   .          Reflect  .    (helmet unavailable)
rElec   +          Harm     .    s - +2 cloak
rCorr   .          Rampage  .    j - +0 pair of gloves
Will    +++..      NoCast   +    r - +0 pair of boots
Stlth   ..........               Y - amulet "Buzij" {-Cast +Blink rN+ Regen+}
HPRegen 1.00/turn                X - ring "Ytwulu" {rElec rF+ rC- Str+4 Stlth+}
MPRegen 0.13/turn                R - +6 ring of strength

@: strong-willed, on berserk cooldown, sick, regenerating, slowed, studying 2
skills, unable to read, very slow
A: horns 3, retaliatory headbutt, low MP 1, weak 1, [deterioration 2], [dopey
1], [frail 1], [screaming 1], inability to read after injury 1[+1]
a: Renounce Religion, Evoke Blink, Berserk, Trog's Hand, Brothers in Arms


You were on level 5 of the Abyss.
You worshipped Trog.
Trog was exalted by your worship.
You visited 7 branches of the dungeon, and saw 26 of its levels.
You visited the Abyss 2 times.

You collected 2797 gold pieces.
You spent 2227 gold pieces at shops.

Inventory:

Hand Weapons
 e - the +6 shillelagh "Devastator" (weapon) {shatter}
   (You found it on level 7 of the Dungeon)

   It releases a powerful concussive burst when it strikes, dealing extra damage
   to the target and all other foes adjacent to them.
 h - a +7 antimagic war axe
Missiles
 a - 104 stones
 d - 4 atropa-tipped darts
 i - 35 poisoned darts
 v - 3 throwing nets
 B - 7 boomerangs (quivered)
 G - 4 curare-tipped darts
 N - 6 silver javelins
 T - 3 javelins
Armour
 j - a +0 pair of gloves (worn)
 l - a +3 kite shield (worn)
 r - a +0 pair of boots (worn)
 s - a +2 cloak (worn)
 O - a +3 plate armour of fire resistance (worn)
Jewellery
 n - a ring of willpower
 t - a +4 ring of slaying
 D - a +4 ring of evasion
 F - a ring of willpower
 I - a ring of see invisible
 R - a +6 ring of strength (right hand)
 V - a ring of fire
 X - the ring "Ytwulu" (left hand) {rElec rF+ rC- Str+4 Stlth+}
   (You found it on level 1 of the Swamp)

   [ring of protection from fire]

   Str:       It affects your strength (+4).
   rF:        It protects you from fire.
   rC:        It makes you vulnerable to cold.
   rElec:     It insulates you from electricity.
   Stlth:     It makes you more stealthy.
 Y - the amulet "Buzij" (around neck) {-Cast +Blink rN+ Regen+}
   (You found it on level 5 of the Lair of Beasts)

   [amulet of regeneration]

   rN:        It protects you from negative energy.
   +Blink:    It lets you blink.
   -Cast:     It prevents spellcasting.
   Regen:     It increases your rate of health regeneration.
Wands
 c - a wand of mindburst (4)
 f - a wand of iceblast (19)
 q - a wand of digging (22)
 u - a wand of flame (5)
 z - a wand of light (18)
 C - a wand of charming (5)
 E - a wand of polymorph (15)
Scrolls
 g - a scroll of teleportation
 k - 6 scrolls of fog
 m - 2 scrolls of vulnerability
 o - 3 scrolls of identify
 p - 7 scrolls of poison
 w - a scroll of summoning
 x - a scroll of fear
 y - 3 scrolls of blinking
 A - a scroll of torment
 H - a scroll of silence
 P - 3 scrolls of immolation
 U - 2 scrolls of magic mapping
Potions
 b - a potion of magic
 L - 8 potions of flight
 M - a potion of attraction


   Skills:
 + Level 13.1 Fighting
 + Level 12.7(15.1) Axes
 - Level 13.4(15.4) Maces & Flails
 - Level 11.0 Throwing
 + Level 13.1 Armour
 - Level 11.0 Dodging
 - Level 1.5 Stealth
 + Level 14.6 Shields
 - Level 12.0 Evocations


You had 15 spell levels left.
You didn't know any spells.
Your spell library contained the following spells:

 Spells                   Type           Power      Damage    Failure   Level
 Portal Projectile        Hex/Tloc       0%         N/A       100%        3
 Tukima's Dance           Hex            0%         N/A       100%        3
 Blade Hands              Tmut           0%         N/A       100%        5


Dungeon Overview and Level Annotations

Branches:
Dungeon (13/15)            Temple (1/1) D:6            Lair (5/5) D:8
  Swamp (2/4) Lair:2       Spider (1/4) Lair:3        Slime (0/5) Lair:5
    Orc (2/2) D:11            Elf (2/3) Orc:2
 Vaults: D:13-14

Altars:
Ashenzari
Cheibriados
Dithmenos
Elyvilon
Fedhas
Gozag
Hepliaklqana
Kikubaaqudgha
Makhleb
Nemelex Xobeh
Okawaru
Qazlal
Ru
Sif Muna
Trog
Uskayaw
Vehumet
Wu Jian
Xom
Yredelemnul
Zin
The Shining One
Jiyva

Shops:
D:1 *   D:2 ?   Orc:1 :((   Orc:2 (([?


Innate Abilities, Weirdness & Mutations

You have a pair of large horns on your head.
You reflexively headbutt those who attack you in melee.
Your magical capacity is low. (-10% MP)
You are weak. (Str -2)
[Your body often deteriorates upon taking damage.]
[You are dopey. (Int -2)]
[You are frail. (-10% HP)]
[You occasionally shout uncontrollably at your foes.]
[You sometimes lose the ability to read scrolls when taking damage.]


Message History

* * * LOW HITPOINT WARNING * * *
The fireball engulfs the ancient zyme!!
The ancient zyme is destroyed!
You hear a roar! x3
You yell at the hell hog!
A hell hog comes into view.
You yell at the hell hog!
The hell hog squeals angrily.
You hear an angry squeal.
You hear a roar! x3
You hear a horrible gurgling sound!
You block the large abomination's attack.
The hell hog bites you!
* * * LOW HITPOINT WARNING * * *
The large abomination hits you but does no damage.
You closely miss the hell hog.
A thrashing horror comes into view.
The hell hog barely misses you. You furiously retaliate!
You headbutt the hell hog. The hell hog closely misses you.
The hell hog bites you but does no damage.
The large abomination hits you but does no damage.
You thump the hell hog!
The hell hogs, the large abomination and the thrashing horror shudder.
The hell hog is heavily wounded.
The large abomination is moderately damaged.
The hell hog is moderately wounded.
The thrashing horror is moderately damaged.
You headbutt the hell hog!
The hell hog is severely wounded.
You hear a roar!
You block the hell hog's attack. x2; The large abomination hits you.
* * * LOW HITPOINT WARNING * * *
Your skin crawls.
You feel strong-willed. The hell hog bites you.
* * * LOW HITPOINT WARNING * * *
You block the hell hog's attack. The hell hog bites you!
* * * LOW HITPOINT WARNING * * *
The hell hog bites you but does no damage.
A thrashing horror comes into view.
The large abomination hits you!!
You die...

## .###
##.#.## # # #
~~ #...##. ##
# #..
~~~#.#.#..#.#
. .. #
~~#.....##. .
~... ...#.. .
# ~
###.##...# ..
#~..........#
# ...
#.#..#.# .. .
≈ # .##X@# .
.. #~
.##..hh# . ..
##..###XX #
... ~~ #.
..#..# . ~.
.# #...#....
~ #.#.. .##..
.# #.##. ..
.. . .. .. ##
..#


You could see 2 hell hogs, 2 thrashing horrors and a large abomination.

Vanquished Creatures
  Jorgrun (Orc:2)
  Rupert (Lair:3)
  A deep elf blademaster (Elf:2)
  A tentacled starspawn (Abyss:5)
  Frances (Swamp:1)
  A deep elf sorcerer (Elf:1)
  An eleionoma (Swamp:2)
  A deep elf annihilator (Elf:1)
  A bunyip (Swamp:1)
  Harold (D:10)
  5 ogre magi
  2 boulder beetles (D:12)
  6 hydras
  2 centaur warriors (D:12)
  3 ghost crabs (Swamp:1)
  27 two-headed ogres
  2 alligators (Swamp:1)
  9 death yaks
  11 dancing weapons
  A sun demon (Abyss:2)
  3 thrashing horrors
  3 wretched stars
  Urug (Lair:3)
  6 deep elf knights
  A sixfirhy (Abyss:5)
  4 large abominations
  A glowing orange brain (Abyss:4)
  2 swamp dragons
  Pikel (D:7)
  2 deep elf archers (Elf:1)
  A bog body (Swamp:1)
  17 deep elf zephyrmancers
  8 deep elf pyromancers
  A wolf spider (D:12)
  2 manticores (D:12)
  2 orc sorcerers
  3 cyclopes
  7 elephants
  4 gargoyles
  3 black mambas
  A smoke demon (Abyss:5)
  An unseen horror (D:12)
  An orange demon (Abyss:2)
  12 cane toads
  A rime drake (Lair:1)
  Psyche (D:8)
  2 kobold demonologists (D:12)
  A demonic crawler (Spider:1)
  8 komodo dragons
  2 hellwings
  An ancient zyme (Abyss:2)
  An efreet (Abyss:4)
  6 trolls
  A queen bee (D:9)
  9 hornets
  2 polar bears (Lair:5)
  2 tyrant leeches (Swamp:1)
  28 blink frogs
  10 dream sheep (Lair:4)
  7 raiju
  Sigmund (D:6)
  An air elemental (Elf:1)
  2 ynoxinuls
  3 shadows
  4 starcursed masses (Abyss:2)
  2 vampires (D:11)
  16 spriggans
  4 wyverns
  2 water elementals
  7 wraiths
  A basilisk (Lair:3)
  52 yaks
  A chaos spawn (Abyss:2)
  5 small abominations
  2 redbacks (Spider:1)
  A steam dragon (D:7)
  7 swamp worms (Swamp:1)
  12 vampire mosquitoes
  Edmund (D:6)
  A warg (Orc:2)
  2 acid dragons
  11 water moccasins
  Duvessa (D:4)
  6 black bears
  A swamp drake (Lair:1)
  2 ice beasts
  11 orc warriors
  4 sky beasts
  7 centaurs
  3 boggarts (Lair:5)
  33 ogres
  30 wolves
  A lemure (D:7)
  3 kobold brigands
  2 gnoll sergeants
  9 bullfrogs
  An earth elemental (Elf:2)
  6 scorpions
  7 wights (D:8)
  Dowan (D:4)
  9 killer bees
  9 howler monkeys
  A quasit (Abyss:2)
  5 hounds
  3 gnoll boudas
  6 orc priests
  A jelly (Abyss:2)
  Crazy Yiuf (D:7)
  Ijyb (D:4)
  2 iguanas (D:5)
  15 orc wizards
  6 hell rats (Lair:5)
  Robin (D:3)
  20 gnolls
  4 adders
  2 shadow imps (D:6)
  3 white imps
  2 worms
  60 orcs
  8 ball pythons
  7 bats
  5 endoplasms
  3 giant cockroaches
  20 goblins
  14 hobgoblins
  18 kobolds
  8 quokkas
  10 frilled lizards
  4 rats
  3 butterflies (Lair:3)
  A lurking horror (Abyss:4)
  A starspawn tentacle (Abyss:5)
766 creatures vanquished.

Vanquished Creatures (collateral kills)
  The ghost of Adrian566 the Severer, a novice HOMo of Beogh (D:9)
  A hornet (D:9)
  A neqoxec (Abyss:5)
  A small abomination (Abyss:5)
  An orc warrior (D:9)
  An ogre (D:11)
  2 killer bees (D:9)
  A starcursed mass (Abyss:5)
  An orc wizard (D:9)
  A gnoll (D:11)
  3 orcs
14 creatures vanquished.

Vanquished Creatures (others)
  3 hydras (Swamp:1)
  A deep elf zephyrmancer (Elf:1)
  An ancient zyme (Abyss:5)
  A swamp drake (Swamp:1)
  A gnoll sergeant (D:11)
  24 fungi
  37 plants
  6 starspawn tentacles
  7 withered plants (D:3)
81 creatures vanquished.

Grand Total: 861 creatures vanquished

Notes
Turn   | Place    | Note
-------+----------+-------------------------------------------
     0 | D:1      | NinjaNoafa the Minotaur Monk began the quest for the Orb.
     0 | D:1      | Reached XP level 1. HP: 19/19 MP: 0/0
   145 | D:1      | Reached skill level 1 in Armour
   147 | D:1      | Reached XP level 2. HP: 25/27 MP: 1/1
   194 | D:1      | Found Fiuq's General Store.
   266 | D:1      | Found a faded altar of an unknown god.
   302 | D:1      | Prayed at the altar of an unknown god.
   302 | D:1      | Became a worshipper of Trog the Wrathful
   302 | D:1      | Reached * piety under Trog
   302 | D:1      | Reached ** piety under Trog
   619 | D:1      | Reached *** piety under Trog
   900 | D:2      | Found Luucheh's Magic Scroll Emporium.
   908 | D:2      | Bought a scroll of identify for 24 gold pieces
   952 | D:2      | Reached XP level 3. HP: 33/33 MP: 2/2
  1315 | D:3      | Found a hide-covered altar of Uskayaw.
  1715 | D:3      | Found a shadowy altar of Dithmenos.
  1871 | D:3      | Reached XP level 4. HP: 40/41 MP: 3/3
  2002 | D:1      | Bought a +0 kite shield for 49 gold pieces
  2129 | D:3      | Found an ancient bone altar of Kikubaaqudgha.
  2131 | D:3      | Noticed Robin
  2141 | D:3      | Killed Robin
  2251 | D:3      | Reached **** piety under Trog
  2373 | D:1      | Bought a scroll of enchant weapon for 82 gold pieces
  2737 | D:4      | Noticed Ijyb
  2750 | D:4      | Killed Ijyb
  2751 | D:4      | Reached XP level 5. HP: 43/47 MP: 4/4
  2819 | D:4      | Noticed Dowan
  2820 | D:4      | Noticed Duvessa
  2826 | D:4      | Gained mutation: Your magical capacity is low. (-10% MP)
                  | [potion of mutation]
  2826 | D:4      | Gained mutation: [You occasionally lose the ability to read
                  | scrolls when taking damage.] [potion of mutation]
  2826 | D:4      | Gained mutation: You are weak. (Str -2) [potion of
                  | mutation]
  2826 | D:4      | Gained mutation: You have a pair of large horns on your
                  | head. [potion of mutation]
  2834 | D:4      | Killed Duvessa
  2835 | D:4      | Reached skill level 5 in Fighting
  2835 | D:4      | Reached skill level 5 in Axes
  2838 | D:4      | Reached skill level 5 in Armour
  2842 | D:4      | Killed Dowan
  2843 | D:4      | Reached skill level 1 in Shields
  2843 | D:4      | Reached XP level 6. HP: 31/56 MP: 4/4
  2866 | D:4      | Reached skill level 2 in Shields
  3056 | D:4      | Reached skill level 3 in Shields
  3360 | D:4      | Reached skill level 4 in Shields
  4346 | D:5      | Entered Level 5 of the Dungeon
  4421 | D:5      | Reached skill level 5 in Shields
  4421 | D:5      | Reached XP level 7. HP: 57/61 MP: 5/5
  4829 | D:5      | Found an iron altar of Okawaru.
  5151 | D:5      | Found a snail-covered altar of Cheibriados.
  5485 | D:6      | Reached XP level 8. HP: 62/71 MP: 6/6
  5621 | D:6      | Found a glowing golden altar of the Shining One.
  5632 | D:6      | Found a basalt altar of Yredelemnul.
  5636 | D:6      | Noticed an angel
  5645 | D:6      | Noticed a profane servitor
  5911 | D:6      | Found a staircase to the Ecumenical Temple.
  5934 | Temple   | Entered the Ecumenical Temple
  6201 | D:6      | Reached ***** piety under Trog
  6356 | D:6      | Noticed Edmund
  6357 | D:6      | Noticed Sigmund
  6365 | D:6      | Killed Edmund
  6372 | D:6      | Killed Sigmund
  6373 | D:6      | Reached skill level 6 in Shields
  6521 | D:7      | Reached skill level 5 in Dodging
  6557 | D:7      | Found a runed translucent door.
  6558 | D:7      | Noticed Crazy Yiuf
  6564 | D:7      | Killed Crazy Yiuf
  6635 | D:7      | Reached skill level 7 in Shields
  6635 | D:7      | Reached XP level 9. HP: 68/79 MP: 7/7
  6644 | D:7      | Noticed Pikel
  6654 | D:7      | Killed Pikel
  6865 | D:7      | Found a radiant altar of Vehumet.
  6916 | D:7      | Reached skill level 10 in Fighting
  7036 | D:7      | Found a glowing silver altar of Zin.
  7093 | D:7      | Found the +6 shillelagh "Devastator" {shatter}
  7437 | D:8      | Reached skill level 1 in Evocations
  7532 | D:8      | Noticed Psyche
  7539 | D:8      | Killed Psyche
  7736 | D:8      | Reached XP level 10. HP: 76/95 MP: 8/8
  7798 | D:8      | Reached skill level 5 in Evocations
  7798 | D:8      | Reached skill level 1 in Throwing
  7912 | D:7      | Found a bloodstained altar of Trog.
  7912 | D:7      | Found a sparkling altar of Nemelex Xobeh.
  7912 | D:7      | Found an opulent altar of Gozag.
  7950 | D:8      | Received a gift from Trog
  8356 | D:8      | Noticed a two-headed ogre
  8375 | D:8      | Killed a two-headed ogre
  8652 | D:8      | Found a staircase to the Lair.
  8809 | D:8      | Found a stormy altar of Qazlal.
  8848 | D:9      | Noticed a cyclops
  8856 | D:9      | Killed a cyclops
  8857 | D:9      | Reached skill level 10 in Axes
  8857 | D:9      | Reached skill level 8 in Shields
  8890 | D:9      | Found a white marble altar of Elyvilon.
  9023 | D:9      | Found a transporter.
  9304 | D:9      | Noticed Adrian566's ghost (novice HOMo)
  9485 | D:9      | Found a transporter.
  9500 | D:9      | Paralysed by a hornet for 2 turns
  9507 | D:9      | Killed Adrian566's ghost
  9525 | D:9      | Reached XP level 11. HP: 96/102 MP: 8/8
  9725 | D:10     | Entered Level 10 of the Dungeon
  9754 | D:10     | Found a hazy altar of Hepliaklqana.
  9822 | D:10     | Reached skill level 9 in Shields
 10013 | D:10     | Noticed a two-headed ogre
 10021 | D:10     | Killed a two-headed ogre
 10078 | D:10     | Noticed a two-headed ogre
 10091 | D:10     | Killed a two-headed ogre
 10365 | D:10     | Noticed Harold
 10381 | D:10     | Killed Harold
 10620 | D:10     | Found a blossoming altar of Fedhas.
 11249 | D:11     | Noticed a two-headed ogre
 11256 | D:11     | Killed a two-headed ogre
 11607 | D:1      | Bought a potion of might for 44 gold pieces
 11607 | D:1      | Bought a scroll of poison for 44 gold pieces
 12472 | D:11     | Reached skill level 5 in Throwing
 12477 | D:11     | Reached skill level 1 in Maces & Flails
 12501 | D:11     | Found a staircase to the Orcish Mines.
 12860 | D:12     | Noticed a centaur warrior
 12860 | D:12     | Noticed a deep elf knight
 12861 | D:12     | Noticed a wolf spider
 12863 | D:12     | Noticed a centaur warrior
 12864 | D:12     | Noticed a boulder beetle
 12919 | D:12     | Noticed a two-headed ogre
 12922 | D:12     | Killed a two-headed ogre
 12923 | D:12     | Reached skill level 5 in Maces & Flails
 12974 | D:12     | Reached XP level 12. HP: 56/110 MP: 9/9
 12979 | D:12     | Noticed a two-headed ogre
 13020 | D:12     | Noticed a six-headed hydra
 13497 | Lair:1   | Entered Level 1 of the Lair of Beasts
 13780 | Lair:1   | Reached skill level 10 in Maces & Flails
 14187 | Lair:1   | Noticed an eight-headed hydra
 14193 | Lair:1   | Killed an eight-headed hydra
 15247 | Lair:2   | Received a gift from Trog
 15501 | Lair:2   | Found a staircase to the Swamp.
 16101 | Lair:2   | Upgraded the game from 0.29.1-debian-1-gc3f1650bb9 to
                  | 0.30-a0-118-ga018f8e90f
 16147 | Lair:3   | Reached XP level 13. HP: 108/116 MP: 10/10
 16373 | Lair:3   | Noticed Rupert
 16388 | Lair:3   | Killed Rupert
 16550 | Lair:3   | Noticed Urug
 16560 | Lair:3   | Killed Urug
 17010 | Lair:3   | Found a hole to the Spider Nest.
 18463 | Lair:4   | Reached skill level 10 in Armour
 18463 | Lair:4   | Reached skill level 10 in Shields
 18848 | Lair:5   | Entered Level 5 of the Lair of Beasts
 18964 | Lair:5   | Found a dark tunnel.
 19026 | Lair:5   | Reached ****** piety under Trog
 19044 | Lair:5   | Reached skill level 11 in Shields
 19044 | Lair:5   | Reached XP level 14. HP: 103/124 MP: 11/11
 19140 | Lair:5   | Found a viscous altar of Jiyva.
 19140 | Lair:5   | Found a staircase to the Slime Pits.
 19526 | Lair:5   | Identified the amulet "Buzij" {-Cast +Blink rN+ Regen+}
 19583 | Lair:5   | Received a gift from Trog
 19610 | Lair:5   | Reached skill level 10 in Throwing
 19782 | Lair:5   | Reached skill level 10 in Evocations
 20745 | Orc:1    | Entered Level 1 of the Orcish Mines
 20843 | Orc:1    | Found Opsesoa's Antique Weapon Boutique.
 21030 | Orc:1    | Found Dohetiqi's Antique Weapon Boutique.
 21086 | Orc:1    | Bought a masterwork glaive for 310 gold pieces
 21086 | Orc:1    | Identified the +3 glaive "Ishrablu" {holy, Fragile Will+
                  | Str+2 Int+9} (You bought it in a shop on level 1 of the
                  | Orcish Mines)
 21504 | Orc:2    | Entered Level 2 of the Orcish Mines
 21782 | Orc:2    | Received a gift from Trog
 21803 | Orc:2    | Reached XP level 15. HP: 46/130 MP: 4/12
 21805 | Orc:2    | Found Cickan's Antique Weapon Shoppe.
 21805 | Orc:2    | Found Diwi's Antique Armour Boutique.
 21812 | Orc:2    | Noticed Jorgrun
 21842 | Orc:2    | Found a staircase to the Elven Halls.
 21921 | Orc:1    | Found Atsytee's Book Shoppe.
 21949 | Orc:1    | Bought a manual of Dodging for 1040 gold pieces
 22128 | Orc:2    | Killed Jorgrun
 22270 | Orc:2    | Found Nuoxutyrph's Weapon Boutique.
 22270 | Orc:2    | Found Mukhear's Magic Scroll Emporium.
 22288 | Orc:2    | Bought a scroll of enchant armour for 112 gold pieces
 22291 | Orc:2    | Bought a shiny troll leather armour for 522 gold pieces
 23658 | Swamp:1  | Entered Level 1 of the Swamp
 23733 | Swamp:1  | Identified the ring "Ytwulu" {rElec rF+ rC- Str+4 Stlth+}
 24124 | Swamp:1  | Reached skill level 10 in Dodging
 24142 | Swamp:1  | Noticed Frances
 24159 | Swamp:1  | Killed Frances
 24436 | Spider:1 | Entered Level 1 of the Spider Nest
 24457 | Spider:1 | Received a gift from Trog
 24815 | Elf:1    | Entered Level 1 of the Elven Halls
 25197 | Elf:1    | Noticed a deep elf sorcerer
 25198 | Abyss:2  | Cast into level 2 of the Abyss (a deep elf sorcerer)
 25372 | Abyss:2  | Reached XP level 16. HP: 130/143 MP: 4/13
 25519 | Elf:1    | Escaped the Abyss
 25641 | Elf:1    | Reached skill level 12 in Shields
 25648 | Elf:1    | Received a gift from Trog
 26231 | Elf:2    | Found a runed translucent gate.
 26231 | Elf:2    | Found a runed translucent gate.
 26237 | Elf:2    | Found a runed translucent gate.
 26477 | Elf:2    | Reached skill level 13 in Shields
 26654 | Elf:2    | Noticed a deep elf blademaster
 26790 | Elf:2    | Killed a deep elf blademaster
 26879 | Abyss:2  | Cast into level 2 of the Abyss (+5 eveningstar of
                  | distortion)
 26974 | Abyss:2  | Noticed a tentacled starspawn
 27027 | Abyss:2  | Reached skill level 14 in Shields
 27245 | Abyss:4  | Paralysed by accursed screaming for 1 turns
 27256 | Abyss:4  | Paralysed by accursed screaming for 1 turns
 27258 | Abyss:4  | Noticed a profane servitor
 27408 | Abyss:5  | Noticed a tentacled starspawn
 27427 | Abyss:5  | Killed a tentacled starspawn
 27475 | Abyss:5  | HP: 6/128 [hell hog (12)]
 27475 | Abyss:5  | Mangled by a large abomination

Illustrated notes

Levels and vault maps discovered:
D:1:      lightli_arrival_noodles, layout_basic, serial_shops, shop,
          ebering_ecumenical_altar_sacrificial, hangedman_feature_mirror
D:2:      layout_rooms, serial_shops, nicolae_shop_stone
D:3:      cheibrodos_greedy_goblins, layout_basic, kiku_gazebo_garden_becter,
          lemuel_doored_altar, mainiacjoe_overflow_boulevard, serial_forest,
          infiniplex_forest_straight_1, infiniplex_forest_straight_5,
          infiniplex_forest_straight_4, infiniplex_forest_end_1,
          infiniplex_forest_lined_room_3, infiniplex_forest_clump_diagonal,
          infiniplex_forest_zigzag_2, infiniplex_forest_lined_room_,
          infiniplex_forest_straight_3, infiniplex_forest_clump_curved,
          uniq_robin
D:4:      layout_layer_cave, portal_sewer_entry_f, uniq_duvessa, uniq_ijyb
D:5:      layout_gridville, kennysheep_okawaru_gauntlet,
          mainiacjoe_overflow_paths
D:6:      layout_basic, grunt_temple_overflow_holy_war,
          minmay_temple_entry_mist, sigmund_edmund_badplayer
D:7:      layout_basic, nicolae_overflow_hidden_temple, zin_scriptorium,
          hex_medium, uniq_crazy_yiuf_cottage, uniq_pikel
D:8:      minmay_recursive_quarters, layout_loops_cross,
          nicolae_qazlal_style_of_elements, lair_entry_dummy,
          serial_bayou_pond_c, minmay_misc_feat_columns, kennysheep_crisscross,
          minmay_manual_monolith, uniq_psyche
D:9:      layout_long_grid, elyvilon_altar_4, gammafunk_ghost_hive
D:10:     layout_roguey, old_standard_altar, kennysheep_mini, uniq_harold
D:11:     layout_irregular_city, kennysheep_orc_monster_closet_entryway
D:12:     minmay_the_grid_3x2 [minmay_the_grid_mess, minmay_the_grid_spin_star,
          minmay_the_grid_doors, minmay_the_grid_stretched_grid,
          minmay_the_grid_outer_circle, minmay_the_grid_prize_big_room],
          layout_loops_ring
D:13:     layout_irregular_city, serial_ice, serial_ice_e, serial_ice_n,
          serial_ice_a, serial_ice_o, portal_ice_cave_entry_ice_simulacra,
          blue_anna_alchemist
Temple:   nicolae_temple_two_arcs
Lair:1:   layout_layer_cave, chequers_serial_rivers_room_a, pond
Lair:2:   layout_chaotic_city, swamp_mist_pool, serial_bayou_pond_a,
          eino_small_chamber_without_monster, grunt_megastairs_3
Lair:3:   layout_misc_corridors, spider_nest_entry_web_field,
          grunt_megastairs_2, lemuel_fruit_fields, uniq_urug, uniq_rupert
Lair:4:   layout_roguey, guppyfry_lair_drakes
Lair:5:   minmay_lair_end_enchanted_forest, layout_cave_pods, slime_entry_1,
          nicolae_volcano_entry_two_sided, fungi_pond_lemuel,
          serial_bayou_shore_b
Swamp:1:  layout_basic_swamp, evilmike_swamp_ruin_house_6, uniq_frances
Swamp:2:  gammafunk_worm_tunnel, layout_basic_swamp, serial_swamp_ruin,
          evilmike_swamp_ruin_house_5, evilmike_swamp_ruin_house_1,
          evilmike_swamp_ruin_rubble_2
Spider:1: layout_spider_delve, nicolae_spider_eight_legs
Orc:1:    minmay_goldmine, layout_diamond_mine, basic_altar, serial_shops,
          shop_fountains, nicolae_shop_window_shopping, nicolae_shop_crystal
Orc:2:    st_orc_ogre_mass, layout_caves, uniq_jorgrun
Elf:1:    elf_arrival_002, layout_geoelf_octagon, minmay_elf_sorcery
Elf:2:    elven_hall_of_blades_hangedman_original [nooodl_blade_entry_preview],
          layout_geoelf_grid
Abyss:5:  base: D:2, evilmike_abyss_rune_ettins, lemuel_flamethrower_2,
          hangedman_decor_riveting, minivault_19,
          evilmike_abyss_rune_elephants_shrine, evilmike_abyss_exit_vortex,
          doesnt_abyss_rune_brain_food

Skill      XL: |  1  2  3  4  5  6  7  8  9 10 11 12 13 14 15 16 |
---------------+-------------------------------------------------+-----
Armour         | 1 2 3 5 7 9 11 13 | 13.1
Axes           | 4 5 6 9 10 11 12 | 12.7
Fighting       | 4 5 6 7 11 13 | 13.1
Shields        | 1 5 7 8 9 11 14 | 14.6
Dodging        | 5 7 8 11 | 11.0
Evocations     | 3 5 7 8 9 11 12 | 12.0
Throwing       | 1 5 9 11 | 11.0
Maces & Flails | 6 11 13 | 13.4
Stealth        | |  1.5

Action                   |  1- 3 |  4- 6 |  7- 9 | 10-12 | 13-15 | 16-18 || total
-------------------------+-------+-------+-------+-------+-------+-------++-------
Melee: Hand axe          |    99 |    93 |   210 |   143 |       |       ||   545
       Headbutt          |    10 |     8 |    34 |    66 |   125 |    63 ||   306
       Punch             |     1 |       |       |       |       |       ||     1
       Shillelagh        |       |       |       |   206 |   510 |    97 ||   813
       Double sword      |       |       |       |       |     4 |       ||     4
       War axe           |       |       |       |       |    79 |   156 ||   235
Throw: Dart              |       |       |     8 |    13 |     7 |       ||    28
       Boomerang         |       |       |       |     1 |    77 |    33 ||   111
       Javelin           |       |       |       |       |    56 |       ||    56
       Throwing net      |       |       |       |       |     1 |       ||     1
       Stone             |       |       |       |       |     7 |       ||     7
Invok: Berserk           |       |       |       |     3 |     1 |     1 ||     5
       Brothers in Arms  |       |       |       |     1 |     1 |     1 ||     3
       Trog's Hand       |       |       |       |       |     1 |     2 ||     3
 Abil: Evoke Blink       |       |       |       |       |     1 |     2 ||     3
Evoke: Wand              |       |       |       |     6 |    24 |       ||    30
  Use: Scroll            |     6 |     1 |     6 |    16 |    14 |     3 ||    46
       Potion            |       |     6 |     1 |    10 |    12 |       ||    29
 Stab: Sleeping          |       |     1 |       |       |     1 |       ||     2
       Invisible         |       |       |       |       |     1 |       ||     1
Armor: Chain mail        |    50 |    22 |       |       |       |       ||    72
       Ring mail         |       |    32 |    80 |    11 |       |       ||   123
       Plate armour      |       |       |       |   145 |   318 |   173 ||   636
       Skin              |       |       |       |    16 |    12 |       ||    28
       Troll leather arm |       |       |       |       |    33 |       ||    33
Dodge: Dodged            |    27 |    36 |    69 |    91 |   272 |   167 ||   662
Block: Other             |    19 |     2 |       |       |       |       ||    21
       Kite shield       |       |    82 |   192 |   428 |   562 |   231 ||  1495
       Reflection        |       |     1 |     5 |    14 |       |       ||    20

Table legend: (Time is in decaauts)
 A = Elapsed time spent in this place.
 B = Non-inter-level travel time spent in this place.
 C = Inter-level travel time spent in this place.
 D = Time resting spent in this place.
 E = Time spent auto-exploring this place.
 F = Levels seen in this place.
 G = Mean time per level.
                   A        B        C        D        E       F      G
               +--------+--------+--------+--------+--------+-----+--------+
         Total |  27452 |  24424 |   3028 |    445 |  18777 |  31 |  885.5 |
       Dungeon |  14523 |  12395 |   2128 |    170 |   9770 |  13 | 1117.2 |
        Temple |    125 |    119 |      6 |      0 |    106 |   1 |  125.0 |
          Lair |   7344 |   6814 |    530 |    133 |   5554 |   5 | 1468.8 |
         Swamp |    769 |    709 |     60 |     56 |    399 |   2 |  384.5 |
   Spider Nest |     37 |     37 |      0 |      0 |      5 |   1 |   37.0 |
  Orcish Mines |   2049 |   1781 |    268 |     25 |   1258 |   2 | 1024.5 |
   Elven Halls |   1715 |   1682 |     33 |      0 |   1294 |   2 |  857.5 |
         Abyss |    886 |    886 |      0 |     61 |    390 |   5 |  177.2 |
               +--------+--------+--------+--------+--------+-----+--------+

Top non-repeatable levels by time:
    D:11: 1910 daAuts
  Lair:5: 1745 daAuts
  Lair:1: 1739 daAuts
     D:4: 1699 daAuts
     D:8: 1620 daAuts
  Lair:3: 1573 daAuts
     D:3: 1280 daAuts
  Lair:4: 1197 daAuts
     D:5: 1190 daAuts
     D:6: 1181 daAuts
   Orc:2: 1160 daAuts
  Lair:2: 1088 daAuts
     D:7: 1075 daAuts
     D:9: 1046 daAuts
   Elf:1: 1012 daAuts
